Map: Disco Bloodbath LE

Players

Toon - Winner!

  • Race: Terran Terran
  • League: Platinum
  • Spawn Location: 3:00

pHARM

  • Race: Zerg Zerg
  • League: Platinum
  • Spawn Location: 9:00

VOD

Have the link to the VOD?

Description

Time

  • Played on: Aug. 25, 2019, 7:12 a.m.
  • Length: 13:06
Show
View Real Time Build Order
Export as new Build Order

Toon Terran - Winner!

Build Orders:  

Get SALT Encoding   

  12  0:01  SCV  
  13  0:13  SCV  
  14  0:25  SCV  
  14  0:26  Supply Depot  
  15  0:48  SCV  
  16  0:50  Barracks  
  16  1:00  SCV  
  17  1:10  Supply Depot  
  17  1:21  SCV  
  18  1:29  Command Center  
  18  1:46  Orbital Command  
  18  1:47  Marine  
  19  2:18  Barracks  
  19  2:20  Barracks  
  19  2:24  Refinery x2  
  19  2:31  SCV  
  20  2:39  Marine  
  20  2:42  Orbital Command  
  21  2:48  SCV  
  21  2:51  Engineering Bay  
  21  3:00  SCV  
  21  3:01  Barracks Tech Lab  
  22  3:12  SCV  
  23  3:13  Orbital Command  
  23  3:20  Marine x3  
  26  3:27  Factory  
  26  3:31  SCV  
  27  3:38  Marine x3  
  30  3:43  SCV  
  31  3:49  Bunker  
  31  3:52  Supply Depot  
  31  3:54  Supply Depot x2  
  31  4:00  SCV x2  
  33  4:12  SCV x2  
  35  4:24  SCV  
  35  4:25  SCV  
  35  4:28  Factory Reactor  
  35  4:30  Barracks Reactor x2, Starport  
  37  4:37  SCV x2  
  37  4:38  Terran Infantry Weapons Level 1  
  39  4:40  Stimpack  
  39  4:49  SCV x2  
  41  5:00  Command Center  
  41  5:01  SCV x2  
  43  5:12  Marine x4  
  43  5:13  Marine  
  49  5:14  SCV x2  
  49  5:15  Factory Tech Lab  
  49  5:18  Refinery  
  49  5:21  Refinery  
  50  5:23  Medivac  
  50  5:24  Medivac  
  54  5:29  SCV x2  
  56  5:36  Armory  
  56  5:40  Supply Depot  
  56  5:41  SCV x2  
  58  5:48  Missile Turret  
  58  5:50  Missile Turret  
  58  6:01  Missile Turret  
  58  6:04  Supply Depot  
  58  6:08  Engineering Bay  
  58  6:09  Marine x5  
  66  6:11  Siege Tank  
  66  6:12  SCV  
  54  6:18  Orbital Command  
  67  6:21  Medivac  
  69  6:27  Marine x3  
  69  6:32  Terran Infantry Armor Level 1  
  72  6:35  Terran Infantry Weapons Level 2  
  72  6:50  Marine  
  72  6:51  Marine x4  
  72  6:53  SCV x2  
  79  6:54  SCV, Orbital Command  
  80  7:03  Supply Depot x2  
  80  7:05  Missile Turret  
  80  7:11  Marine  
  80  7:12  Marine x3  
  84  7:19  Barracks  
  83  7:23  Refinery  
  83  7:28  Refinery  
  76  7:39  Marine  
  76  7:40  Marauder  
  76  7:41  Marine x3  
  76  7:43  Combat Shield  
  82  7:47  Thor  
  82  7:48  Medivac x2  
  82  7:49  SCV x3  
  95  7:54  Terran Vehicle Weapons Level 1  
  95  7:57  Marine  
  96  8:01  Bunker  
  96  8:03  Supply Depot  
  96  8:04  SCV x3, Supply Depot  
  99  8:15  Barracks Reactor  
  99  8:16  SCV x2  
  101  8:20  Barracks  
  101  8:28  Viking x2  
  101  8:30  Supply Depot, Thor  
  101  8:31  Supply Depot  
  111  8:34  Terran Infantry Armor Level 2  
  111  8:55  Supply Depot  
  111  8:56  Terran Infantry Weapons Level 3  
  111  8:57  Supply Depot  
  111  8:58  Supply Depot  
  111  8:59  Supply Depot  
  111  9:02  Concussive Shells  
  111  9:08  Barracks Tech Lab  
  111  9:23  Marauder  
  111  9:24  Marine x4  
  113  9:27  Thor  
  113  9:30  Medivac x2  
  127  9:32  SCV  
  127  9:33  SCV x2  
  130  9:41  Marine, Marauder  
  130  9:42  Marine  
  130  9:45  SCV x2, Marauder  
  138  9:50  Command Center  
  116  10:02  Marauder  
  118  10:12  Medivac x2  
  118  10:13  Thor  
  128  10:15  Marauder  
  128  10:16  Marine x6  
  136  10:24  Marauder  
  138  10:33  Marine  
  138  10:34  SCV x3  
  142  10:37  Marauder  
  142  10:41  Command Center  
  144  10:47  Marine, Marauder  
  144  10:48  Marine x3  
  150  10:58  Marauder  
  152  11:04  Missile Turret  
  152  11:07  Planetary Fortress  
  152  11:09  Marauder  
  152  11:10  Marine  
  152  11:11  Marine x5  
  160  11:19  Marauder  
  162  11:28  Marine x2  
  162  11:29  Marine, Liberator x2  
  170  11:47  Thor  
  170  11:48  Marine x2, Marauder  
  170  11:49  Marine x4, Marauder  
  170  11:53  Missile Turret  
  184  12:10  Marauder  
  184  12:14  Marine x6, Marauder  
  174  12:31  Marauder  
  174  12:32  Marine x6  
  174  12:35  Marauder  
Show
View Real Time Build Order
Export as new Build Order

pHARM Zerg 

Build Orders: Hatch First 

Get SALT Encoding   

  12  0:01  Drone  
  13  0:15  Overlord  
  13  0:27  Drone  
  14  0:35  Drone x2  
  16  0:54  Drone x2  
  18  1:06  Drone, Hatchery  
  18  1:17  Drone  
  19  1:25  Spawning Pool  
  18  1:29  Drone  
  19  1:37  Drone  
  20  1:45  Extractor  
  19  1:47  Drone  
  20  1:55  Drone  
  21  2:03  Overlord  
  21  2:17  Queen  
  21  2:18  Queen  
  21  2:20  Zergling x4  
  27  2:33  Drone x2  
  29  2:37  Drone  
  30  2:48  Drone x2  
  32  2:59  Metabolic Boost  
  32  3:00  Queen x2  
  32  3:04  Overlord  
  32  3:05  Overlord  
  36  3:29  Drone  
  36  3:30  Drone x10  
  36  3:33  Overlord  
  47  3:45  Lair  
  47  3:50  Extractor  
  47  3:51  Extractor  
  45  4:18  Hatchery  
  45  4:19  Drone  
  45  4:22  Drone x6  
  51  4:38  Spore Crawler  
  50  4:39  Spore Crawler x3  
  50  4:42  Drone x3  
  50  4:47  Spore Crawler  
  50  4:49  Spore Crawler x2  
  47  4:53  Drone x3  
  47  4:54  Drone  
  47  4:56  Spore Crawler  
  50  5:02  Baneling Nest  
  50  5:05  Drone x2  
  51  5:07  Roach Warren  
  50  5:19  Zergling x10  
  50  5:20  Zergling x2  
  56  5:27  Queen x2  
  60  5:49  Overlord x2  
  60  5:53  Drone  
  61  5:58  Glial Reconstitution  
  61  6:03  Pneumatized Carapace  
  61  6:14  Roach  
  61  6:15  Roach x9  
  61  6:18  Overlord x4  
  81  6:22  Centrifical Hooks  
  81  6:32  Evolution Chamber  
  81  6:33  Drone x2  
  81  6:37  Evolution Chamber  
  81  7:03  Zerg Ground Armor Level 1, Zerg Melee Weapons Level 1  
  81  7:09  Extractor  
  81  7:12  Hydralisk Den  
  67  7:47  Drone  
  67  7:48  Drone x23  
  91  8:08  Grooved Spines  
  91  8:12  Extractor  
  90  8:14  Spore Crawler, Extractor  
  90  8:17  Spine Crawler  
  90  8:18  Spine Crawler  
  90  8:19  Drone  
  87  8:21  Drone x3  
  90  8:38  Drone  
  91  8:48  Hatchery  
  90  9:01  Zergling x2  
  90  9:02  Zergling x22  
  102  9:14  Overlord  
  102  9:15  Overlord x4  
  102  9:20  Muscular Augments, Baneling  
  102  9:21  Baneling x10  
  102  9:35  Zergling x2  
  102  9:37  Hydralisk x10  
  109  10:01  Drone x5  
  109  10:02  Drone x5  
  119  10:17  Overlord x4  
  119  10:33  Overlord x3  
  119  10:40  Zergling x8  
  119  10:41  Zergling x10  
  128  10:45  Zerg Melee Weapons Level 2, Zerg Ground Armor Level 2  
  128  10:47  Infestation Pit  
  127  11:03  Extractor  
  126  11:05  Extractor  
  126  11:08  Spore Crawler  
  126  11:09  Spine Crawler  
  123  11:11  Spine Crawler  
  122  11:20  Hatchery  
  121  11:33  Hive  
  121  11:40  Spire  
  109  11:52  Baneling x3  
  109  11:53  Baneling x15  
  107  11:55  Zergling x2  
  107  11:56  Zergling x50  
  107  11:57  Zergling x22  
  116  12:22  Baneling x11  
  103  12:23  Baneling x19  
  103  12:24  Zergling x16  
  103  12:25  Zergling x4  
  103  12:28  Hatchery  
  102  12:37  Hydralisk x6  
  101  12:47  Zergling x2  
  101  12:48  Zergling x6  
Tags
 
Add a new tag
Caveats
  • Supply blocks, unpowered buildings, or Contaminate may cause inaccurate times.
  • Supply counts are checked every 10 seconds.